 Dungeon Crawl Stone Soup version 0.30-b1-2-g02819fbbbe (webtiles) character file.

Game seed: 14526360418511417994

37 snakesoul the Caller (level 3, 0/21 HPs)
             Began as an Octopode Summoner on June 11, 2023.
             Slain by Jessica
             ... wielding a +0 club
              (5 damage)
             ... on level 2 of the Dungeon.
             The game lasted 00:03:40 (1637 turns).

snakesoul the Caller (Octopode Summoner)            Turns: 1637, Time: 00:03:40

Health: 0/21       AC:  1    Str:  7    XL:     3   Next: 41%
Magic:  5/6        EV: 13    Int: 19    God:
Gold:   96         SH:  0    Dex: 12    Spells: 1/7 levels left

rFire   . . .        b - +0 club
rCold   . . .        (no shield)
rNeg    . . .        (helmet restricted)
rPois   .            (no amulet)
rElec   .            (no ring)
rCorr   .            (no ring)
SInv    .            (no ring)
Will    .....        (no ring)
Stlth   +++          (no ring)
HPRegen 0.23/turn    (no ring)
MPRegen 0.10/turn    (no ring)
                     (no ring)

%: no passive effects
@: no status effects
A: almost no armour, amphibious, 8 rings, camouflage 1, gelatinous body 1,
(nimble swimmer 1), tentacles
a: no special abilities


You were on level 2 of the Dungeon.
You visited 1 branch of the dungeon, and saw 2 of its levels.

You collected 96 gold pieces.

Inventory:

Hand Weapons
 b - a +0 club (weapon)
Scrolls
 c - a scroll of teleportation {unknown}
 d - a scroll of identify {unknown}


   Skills:
 - Level 2.0 Dodging
 - Level 2.6 Stealth
 + Level 2.5 Spellcasting
 * Level 4.8 Summonings


You had one spell level left.
You knew the following spells:

 Your Spells              Type           Power      Damage    Failure   Level
a - Summon Small Mammal   Summ           80%        N/A       2%          1
b - Call Imp              Summ           40%        N/A       3%          2
c - Call Canine Familiar  Summ           20%        N/A       7%          3

Your spell library contained the following spells:

 Spells                   Type           Power      Damage    Failure   Level
 Summon Guardian Golem    Hex/Summ       11%        N/A       19%         3
 Summon Lightning Spire   Summ/Air       11%        N/A       52%         4


Dungeon Overview and Level Annotations

Branches:
Dungeon (2/15)

Altars:

Annotations:
D:2 Jessica


Innate Abilities, Weirdness & Mutations

You cannot wear most types of armour.
You are amphibious.
You can wear up to eight rings at the same time.
Your skin changes colour to match your surroundings (Stealth+).
Your rubbery body absorbs attacks. (AC +1, EV +1)
((You are camouflaged when in or above water. (Stealth+)))
You have tentacles for arms and can constrict up to eight enemies at once.


Message History

The rat closely misses your cerulean imp.
Your quokka bites the rat.
The rat dies!
Your cerulean imp disappears in a puff of smoke!
You swap places.
Jessica barely misses your rat. Jessica closely misses your rat.
Your rat bites Jessica but does no damage.
Casting: Summon Small Mammal (safe; 2% risk of failure)
Confirm with . or Enter, or press ? or * to list all spells.
A tiny devil pulls itself out of the air.
Jessica hits your rat with a +0 club.
Your rat dies!
Your rat's corpse disappears in a puff of smoke!
Jessica gestures at you while chanting. Pain shoots through your body!
Ouch! That really hurt!
Your quokka closely misses Jessica.
Your cerulean imp closely misses Jessica.
You swap places.
Your cerulean imp closely misses Jessica.
Casting: Call Imp (safe; 3% risk of failure)
Confirm with . or Enter, or press ? or * to list all spells.
You don't have enough magic to cast this spell.
Jessica attacks as you move away! Jessica barely misses you.
Jessica hits you with a +0 club.
* * * LOW HITPOINT WARNING * * *
Your cerulean imp hits Jessica but does no damage.
Your cerulean imp hits Jessica from afar with a -2 spear.
Okay, then.
Unknown command.
Unknown command.
Magic courses through your body.
Your quokka disappears in a puff of smoke!
Jessica closely misses you. x2
Your cerulean imp barely misses Jessica.
Unknown command.
Casting: Call Imp (safe; 3% risk of failure)
Confirm with . or Enter, or press ? or * to list all spells.
Jessica hits you with a +0 club.
You die...

#.# #.# #..# #.# #.# #..#
#.# #.# #..# #.# #.# #..#
#.# #.# #..# #.# #[##
#r.###.#######...
#####..#...#.........
#5.@@..#.###.########
#.####.#.###.## # #.#
#....##...# ### #.#
#(#.......# #.. #.#
#..<.##...#####.#
#.######.#######.....
#.....#...######.##.#
.@....†.......†........##..
####.######.#........†.....


You could see Jessica (fast, ally target), a friendly cerulean imp (summoned)
and a friendly quokka (summoned).

Vanquished Creatures
  A bat (D:2)
  2 hobgoblins (D:1)
3 creatures vanquished.

Vanquished Creatures (collateral kills)
  A dart slug (D:1)
  3 ball pythons (D:1)
  An endoplasm (D:1)
  3 giant cockroaches
  A hobgoblin (D:1)
  3 jackals (D:2)
  3 kobolds (D:1)
  3 quokkas (D:1)
  3 bats (D:1)
  2 frilled lizards (D:1)
  2 goblins (D:1)
  4 rats
29 creatures vanquished.

Grand Total: 32 creatures vanquished

Notes
Turn   | Place    | Note
-------+----------+-------------------------------------------
     0 | D:1      | snakesoul the Octopode Summoner began the quest for the
                  | Orb.
     0 | D:1      | Reached XP level 1. HP: 11/11 MP: 3/3
    46 | D:1      | Found a faded altar of an unknown god.
   215 | D:1      | Reached XP level 2. HP: 17/17 MP: 3/5
   218 | D:1      | Learned a level 2 spell: Call Imp
   987 | D:1      | Reached XP level 3. HP: 21/21 MP: 3/6
  1047 | D:1      | Learned a level 3 spell: Call Canine Familiar
  1606 | D:2      | Noticed Jessica
  1637 | D:2      | Slain by Jessica

Illustrated notes

Levels and vault maps discovered:
D:1:      dpeg_arrival_three_same_balls, layout_loops_ring,
          hellmonk_ecumenical_altar_arch_garden, minmay_misc_feat_secret_circle,
          chequers_arboretum, palyth_stone_intersect, serial_bayou_pond_d,
          minmay_shallow_snake_nest
D:2:      layout_loops_ring, minmay_small_reverse_x, uniq_terence, uniq_jessica

Action                     || total
---------------------------++-------
  Melee: Unarmed           ||     5
         Constrict         ||     5
         Club              ||     8
         Tentacles         ||     1
   Cast: Summon Small Mamm ||    43
         Call Imp          ||    16
    Use: Potion            ||     1
 Armour: Skin              ||     5
  Dodge: Dodged            ||    21
